 Dungeon Crawl Stone Soup version 0.25.0-11-g1f837a76a1 (webtiles) character file.

Game seed: 3339575766327903405

122 VeryBadPlayer the Insei (level 5, -3/34 HPs)
             Began as an Octopode Transmuter on June 26, 2020.
             Slain by Grinder (6 damage)
             ... while paralysed by Grinder
             ... on level 3 of the Dungeon.
             The game lasted 00:04:06 (3581 turns).

VeryBadPlayer the Insei (Octopode Transmuter)       Turns: 3581, Time: 00:04:07

Health: -3/34      AC:  1    Str:  9    XL:     5   Next: 6%
Magic:  7/8        EV:  2    Int: 16    God:
Gold:   231        SH:  0    Dex: 13    Spells: 8/9 levels left

rFire    . . .     SeeInvis .     - Unarmed
rCold    . . .     Gourm    .   (no shield)
rNeg     . . .     Faith    .   (helmet restricted)
rPois    .         Spirit   .   (no amulet)
rElec    .         Reflect  .   (no ring)
rCorr    .         Harm     .   (no ring)
MR       .....                  (no ring)
Stlth    ++........             (no ring)
HPRegen  0.11/turn              (no ring)
MPRegen  0.11/turn              (no ring)
                                (no ring)
                                (no ring)

@: paralysed, appendage
A: almost no armour, stealthy swim, amphibious, 8 rings, constrict 8, tentacle
spike 3, camouflage 1, gelatinous body 1
a: End Transformation


You were on level 3 of the Dungeon.
You were not hungry.
One of your tentacles had a temporary spike.
You visited 1 branch of the dungeon, and saw 3 of its levels.

You collected 231 gold pieces.

Inventory:

Missiles
 a - 38 arrows
 p - a throwing net (quivered)
Scrolls
 b - 2 scrolls of remove curse {unknown}
 d - a scroll of fear {unknown}
 f - a scroll of teleportation {unknown}
 g - 4 scrolls of enchant weapon {unknown}
 i - a scroll of immolation {unknown}
 j - a scroll of noise {unknown}
 l - 2 scrolls of magic mapping {unknown}
 m - a scroll of enchant armour {unknown}
 o - 2 scrolls of identify {unknown}
Potions
 e - 3 potions of degeneration {unknown}
 h - 3 potions of lignification {unknown}
 k - a potion of berserk rage {unknown}
 n - 2 potions of invisibility {unknown}
 q - a potion of brilliance {unknown}
 r - a potion of cancellation {unknown}
 s - a potion of magic {unknown}
Comestibles
 c - 5 rations


   Skills:
 + Level 1.9 Fighting
 + Level 2.7 Dodging
 + Level 3.5 Unarmed Combat
 + Level 2.6 Spellcasting
 * Level 3.2 Transmutations


You had 8 spell levels left.
You knew the following spells:

 Your Spells              Type           Power        Failure   Level  Hunger
a - Beastly Appendage     Tmut           ##....       4%          1    #......

Your spell library contained the following spells:

 Spells                   Type           Power        Failure   Level  Hunger
 Sticks to Snakes         Tmut           ##......     8%          2    ##.....
 Spider Form              Tmut/Pois      #.........   30%         3    ###....
 Ice Form                 Ice/Tmut       #.......     69%         4    #####..
 Blade Hands              Tmut           ##........   80%         5    ######.


Dungeon Overview and Level Annotations

Branches:
Dungeon (3/15)

Altars:
Hepliaklqana
Ru
Vehumet

Annotations:
D:3 Grinder


Innate Abilities, Weirdness & Mutations

You cannot wear most types of armour.
You are very stealthy in the water. (Stealth+)
You are amphibious.
You can wear up to eight rings at the same time.
You can use your tentacles to constrict eight enemies at once.
Your skin changes colour to match your surroundings (Stealth+).
Your rubbery body absorbs attacks. (AC +1, EV +1)
One of your tentacles bears a large vicious spike.


Message History

Casting: Beastly Appendage (safe; 4% risk of failure)
Confirm with . or Enter, or press ? or * to list all spells.
One of your tentacles grows a vicious spike.
Grinder hits you!
You writhe in agony.
You barely miss Grinder. Your grab misses Grinder. Your squeeze misses Grinder.
Grinder hits you but does no damage.
You tentacle-slap Grinder. You grab Grinder.
Grinder is lightly wounded.
You constrict Grinder, but do no damage.
Grinder gestures at you. Pain shoots through your body!
You tentacle-slap Grinder.
Grinder is lightly wounded.
You constrict Grinder. Grinder gestures at you.
You suddenly lose the ability to move!
You lose your grip on Grinder.
Grinder hits you!
* * * LOW HITPOINT WARNING * * *
You writhe in agony.
You die...

# ### ## ###.# .# #...# ## #.#.#
# #.#.# ################.#.# ##
..............)..#.# #.
.#################)# #. .# #..
......5@..# #. .# #.# ###########
#. .# #.# ## .# #.# ######### ##
.# #.# #####.......##### #.
.###.#####...#...........#######.
.+...........'...................
.###.#####...#...........#...(...
.............#...#####'###......#


You could see Grinder.

Vanquished Creatures
  Natasha (D:3)
  An adder (D:3)
  An ooze (D:3)
  A worm (D:2)
  2 dart slugs
  3 orcs (D:3)
  4 giant cockroaches
  7 goblins
  10 hobgoblins
  15 jackals
  4 kobolds
  A quokka (D:3)
  4 bats
  6 frilled lizards
  7 rats
67 creatures vanquished.

Notes
Turn   | Place    | Note
-------+----------+-------------------------------------------
     0 | D:1      | VeryBadPlayer the Octopode Transmuter began the quest for
                  | the Orb.
     0 | D:1      | Reached XP level 1. HP: 13/13 MP: 3/3
    89 | D:1      | Reached XP level 2. HP: 14/18 MP: 5/5
   706 | D:1      | Reached XP level 3. HP: 21/23 MP: 6/6
  1761 | D:2      | Found a hazy altar of Hepliaklqana.
  1779 | D:2      | Reached XP level 4. HP: 21/28 MP: 7/7
  2007 | D:2      | Found a sacrificial altar of Ru.
  2520 | D:3      | Found a radiant altar of Vehumet.
  2631 | D:3      | Noticed Natasha
  2643 | D:3      | Killed Natasha
  3059 | D:3      | Reached XP level 5. HP: 22/34 MP: 8/8
  3575 | D:3      | Noticed Grinder
  3580 | D:3      | Paralysed by Grinder for 7 turns
  3581 | D:3      | Slain by Grinder

Illustrated notes

Levels and vault maps discovered:
D:1:      minmay_arrival_solitary_statue, layout_loops_cross, minmay_tall_x
D:2:      layout_loops_ring, overflow_temple_1_default,
          nicolae_ru_path_of_blood, minmay_misc_feat_secret_circle,
          chequers_serial_rivers_large_a
D:3:      layout_basic, vehumet_crystals, kennysheep_okawaru_gauntlet,
          lemuel_crystal_altar, first_ration, uniq_grinder, uniq_natasha

Skill      XL: |  1  2  3  4 |
---------------+-------------+-----
Transmutations | 3 |  3.2
Fighting       | |  1.9
Dodging        | |  2.7
Unarmed Combat | |  3.5
Spellcasting   | |  2.6

Action                   |  1- 3 |  4- 6 || total
-------------------------+-------+-------++-------
Melee: Unarmed           |   107 |    56 ||   163
       Constrict         |    27 |    15 ||    42
       Tentacles         |    15 |     9 ||    24
       Kick              |     2 |     2 ||     4
 Cast: Beastly Appendage |     2 |     2 ||     4
 Stab: Sleeping          |     6 |     6 ||    12
  Eat: Chunk             |     3 |     5 ||     8
Armor: Skin              |     5 |     3 ||     8
Dodge: Dodged            |    66 |    33 ||    99
